 Dungeon Crawl Stone Soup version 0.24.1-1-gd1d2a07e1b (webtiles) character file.

Game seed: 14233288414179250842, levelgen mode: deterministic

58 MajorAdolf the Covered (level 4, 0/39 HPs)
             Began as a Naga Wanderer on Apr 11, 2020.
             Succumbed to an adder's poison
             ... on level 2 of the Dungeon.
             The game lasted 00:05:09 (1920 turns).

MajorAdolf the Covered (Naga Wanderer)              Turns: 1920, Time: 00:05:10

Health: 0/39       AC:  3    Str: 15    XL:     4   Next: 2%
Magic:  4/4        EV: 10    Int: 14    God:
Gold:   112        SH:  0    Dex:  9    Spells: 3/3 levels left

rFire    . . .     SeeInvis +   j - +0 dagger
rCold    + . .     Gourm    .   (no shield)
rNeg     . . .     Faith    .   g - +1 robe {rC+}
rPois    +         Spirit   .   (no helmet)
rElec    .         Reflect  .   (no cloak)
rCorr    .         Harm     .   (no gloves)
MR       .....                  (no barding)
Stlth    ++........             (no amulet)
HPRegen  0.13/turn              (no ring)
MPRegen  0.09/turn              (no ring)

@: lethally poisoned (0 -> -8), very slow
A: large, see invisible, deformed body, poison resistance, slowness 2, slow
metabolism 1, spit poison 1, AC +1
a: Spit Poison


You were on level 2 of the Dungeon.
You were not hungry.

You visited 1 branch of the dungeon, and saw 2 of its levels.

You collected 112 gold pieces.

Inventory:

Hand Weapons
 j - a +0 dagger (weapon)
Missiles
 b - 2 throwing nets (quivered)
Armour
 c - a +0 ring mail
 e - a +0 leather armour
 g - a +1 robe of cold resistance (worn)
 h - a +0 ring mail
Scrolls
 a - a scroll of magic mapping
 i - 2 scrolls of identify
 k - 2 scrolls of enchant armour
Comestibles
 d - 2 chunks of flesh
 f - 2 rations


   Skills:
 - Level 2.0 Fighting
   Level 1.0 Bows
 - Level 1.0 Throwing
 + Level 3.7 Armour
 + Level 1.9 Dodging
 + Level 3.6 Stealth


You had 3 spell levels left.
You didn't know any spells.
Your spell library was empty.

Dungeon Overview and Level Annotations

Branches:
Dungeon (2/15)

Altars:

Annotations:
D:1 exclusion: leopard gecko
D:2 exclusions: gnoll and 1 more exclusion


Innate Abilities, Weirdness & Mutations

You cannot wear boots.
Your serpentine skin is tough. (AC +1)
You have supernaturally acute eyesight. (SInv)
Armour fits poorly on your strangely shaped body.
Your system is resistant to poisons. (rPois)
You cover ground very slowly.
You have a slow metabolism.
You can spit poison.


Message History

The adder poisons you! The adder bites you.
* * * LOW HITPOINT WARNING * * *
You aren't carrying any potions.
Okay, then.
Okay, then.
You miss the adder.
The adder is almost dead.
* * * LOW HITPOINT WARNING * * *
You feel sick. The adder closely misses you.
You hit the adder.
You kill the adder!
You have reached level 4!
You feel clever.
* * * LOW HITPOINT WARNING * * *
You feel sick.
* * * LOW HITPOINT WARNING * * *
You feel sick.
You see here an adder corpse.
You butcher the adder corpse.
You die...

#.#####.#....#.#..........#
#.# #)#.#.##......#####..#
#.# #...#.####....#####.#
#.######.#...............#
#.#..).)..............###.#
#.#.####....#####.###.#
##.#.# ###..# ##...##.#
#....# ...# #.....#.#
..S..# ##.# #@....#[#
.....# #.# #.....#.. .....#
.# ......... #.......
.......##### ########
....... .#.......
#.........# ####.....##


There were no monsters in sight!

Vanquished Creatures
  A gnoll (D:2)
  2 adders (D:2)
  3 dart slugs
  2 bats
  2 giant cockroaches
  4 goblins
  2 hobgoblins (D:1)
  A jackal (D:1)
  2 kobolds (D:2)
  2 frilled lizards
  3 rats
24 creatures vanquished.

Notes
Turn   | Place    | Note
-------+----------+-------------------------------------------
     0 | D:1      | MajorAdolf the Naga Wanderer began the quest for the Orb.
     0 | D:1      | MajorAdolf set off with the following items: a +0 club, 2
                  | throwing nets, a +0 ring mail, a potion of curing, a +0
                  | leather armour, a ration
     0 | D:1      | Reached XP level 1. HP: 19/19 MP: 1/1
   440 | D:1      | Reached XP level 2. HP: 26/26 MP: 2/2
  1425 | D:2      | Reached XP level 3. HP: 32/32 MP: 3/3
  1918 | D:2      | Reached XP level 4. HP: 3/39 MP: 4/4
  1919 | D:2      | HP: 1/39 [poisoned by an adder]
  1920 | D:2      | Succumbed to an adder's poison

Levels and vault maps discovered:
D:1:      lightli_arrival_farm, layout_basic, minmay_pentomino_s2
D:2:      layout_loops_ring, gammafunk_temple_overflow_statue

Skill      XL: |  1  2  3 |
---------------+----------+-----
Stealth        | 2 3 |  3.6
Fighting       | |  2.0
Bows           | |  1.0
Throwing       | |  1.0
Armour         | |  3.7
Dodging        | |  1.9

Action                   |  1- 3 |  4- 6 || total
-------------------------+-------+-------++-------
Melee: Unarmed           |    11 |       ||    11
       Dagger            |    32 |       ||    32
 Abil: Spit Poison       |    30 |       ||    30
  Use: Scroll            |     7 |       ||     7
       Potion            |     1 |       ||     1
  Eat: Chunk             |     1 |       ||     1
       Ration            |     1 |       ||     1
Armor: Robe              |     9 |       ||     9
Dodge: Dodged            |    22 |       ||    22
